 Dungeon Crawl Stone Soup version 0.27-a0-380-g150de4c (webtiles) character file.

Game seed: 5255256095059254949

23 MrTaco21 the Cudgeller (level 2, -3/19 HPs)
             Began as a Gargoyle Fighter on Feb 17, 2021.
             Killed from afar by Natasha (9 damage)
             ... with a magic dart
             ... on level 2 of the Dungeon.
             The game lasted 00:01:00 (712 turns).

MrTaco21 the Cudgeller (Gargoyle Fighter)            Turns: 712, Time: 00:01:01

Health: -3/19      AC: 10    Str: 19    XL:     2   Next: 95%
Magic:  2/2        EV:  7    Int:  8    God:
Gold:   44         SH:  9    Dex:  9    Spells: 1/1 levels left

rFire    . . .     SeeInvis .   a - +0 flail
rCold    . . .     Faith    .   c - +0 kite shield
rNeg     + . .     Spirit   .   b - +0 scale mail
rPois    ∞         Reflect  .   (no helmet)
rElec    +         Harm     .   (no cloak)
rCorr    .         Rampage  .   j - +0 pair of gloves
Will     .....                  (no boots)
Stlth    ..........             (no amulet)
HPRegen  0.06/turn              (no ring)
MPRegen  0.08/turn              (no ring)

@: no status effects
A: negative energy resistance 1, electricity resistance, unbreathing,
petrification resistance, miasma immunity, AC +2
a: no special abilities


You were on level 2 of the Dungeon.
You visited 1 branch of the dungeon, and saw 2 of its levels.

You collected 44 gold pieces.

Inventory:

Hand Weapons
 a - a +0 flail (weapon)
Armour
 b - a +0 scale mail (worn)
 c - a +0 kite shield (worn)
 j - a +0 pair of gloves (worn)
   (You found it on level 1 of the Dungeon)
Scrolls
 f - 2 scrolls of identify {unknown}
 g - 2 scrolls of immolation {unknown}
 h - a scroll of teleportation {unknown}
 i - a scroll of magic mapping {unknown}
 l - a scroll of enchant armour {unknown}
Potions
 d - a potion of might
 e - a potion of lignification {unknown}
 k - a potion of haste {unknown}
 m - 2 potions of mutation {unknown}


   Skills:
 - Level 3.2 Fighting
 + Level 3.3 Maces & Flails
 - Level 3.2 Armour
 - Level 3.2 Shields


You had one spell level left.
You didn't know any spells.
Your spell library was empty.

Dungeon Overview and Level Annotations

Branches:
Dungeon (2/15)

Altars:

Annotations:
D:2 Natasha


Innate Abilities, Weirdness & Mutations

You are resistant to torment.
Your stone body is resilient. (AC +2)
You are immune to poison.
You resist negative energy. (rN+)
You are resistant to electric shocks. (rElec)
You can survive without breathing.
You are immune to petrification.
You are immune to miasma.


Message History

Natasha mumbles some strange words.
Natasha barely misses you.
You hit Natasha but do no damage.
Natasha casts a spell.
You completely miss the shadow imp. You block Natasha's attack.
You block the shadow imp's attack. Natasha closely misses you.
You thump the shadow imp! The shadow imp barely misses you.
The crimson imp blinks!
You block Natasha's attack.
The shadow imp hits you but does no damage.
You closely miss the shadow imp. Natasha claws you.
The shadow imp hits you but does no damage.
You block Natasha's attack.
You sock the shadow imp!
You kill the shadow imp!
Natasha claws you but does no damage.
A hobgoblin comes into view. It is wielding a +0 hand axe.
You miss Natasha. Natasha claws you but does no damage.
You barely miss Natasha.
Natasha howls an incantation.
Natasha glows brightly for a moment.
Natasha casts a spell.
You block Natasha's attack.
You closely miss the white imp. You block Natasha's attack.
You miss the crimson imp. Natasha claws you but does no damage.
The crimson imp hits you.
Natasha stares at you and mumbles some strange words.
The magic dart hits you!
* * * LOW HITPOINT WARNING * * *
You block the white imp's attack.
There are monsters nearby!
Unknown command.
There are monsters nearby!
Unknown command.
There are monsters nearby!
There are monsters nearby!
Natasha wildly gestures.
Natasha glows brightly for a moment.
You see here 21 arrows.
The crimson imp blinks!
You block the crimson imp's attack.
You sock the crimson imp!
The crimson imp disappears in a puff of smoke!
You block Natasha's attack.
The white imp disappears in a puff of smoke!
You block Natasha's attack.
Natasha stares at you and mumbles some strange words.
The magic dart hits you but does no damage.
Natasha stares at you and mumbles some strange words.
The magic dart hits you!
You die...

### #.############
#...@........#
#h##########.# #.#
#.# #.# #.#
#g##########.#
#...g.(§..##.#
#########.##.#######
#.#........#
#.########.##


You could see Natasha.

Vanquished Creatures
  A giant cockroach (D:1)
  4 hobgoblins
  A bat (D:2)
  2 frilled lizards (D:2)
  4 goblins (D:1)
  6 kobolds
  4 rats
22 creatures vanquished.

Notes
Turn   | Place    | Note
-------+----------+-------------------------------------------
     0 | D:1      | MrTaco21 the Gargoyle Fighter began the quest for the Orb.
     0 | D:1      | Reached XP level 1. HP: 14/14 MP: 1/1
   277 | D:1      | Reached XP level 2. HP: 19/19 MP: 2/2
   684 | D:2      | Noticed Natasha
   688 | D:2      | Noticed a crimson imp
   712 | D:2      | Killed from afar by Natasha

Illustrated notes

Levels and vault maps discovered:
D:1:      mushboom_english_gardens, layout_rooms, minmay_tiny_reverse_x
D:2:      layout_basic, uniq_natasha

Skill      XL: |  1  2 |
---------------+-------+-----
Maces & Flails | 3 |  3.3
Fighting       | |  3.2
Armour         | |  3.2
Shields        | |  3.2

Action                   || total
-------------------------++-------
Melee: Flail             ||    65
Armor: Scale mail        ||    31
Dodge: Dodged            ||    12
Block: Kite shield       ||    37

Table legend: (Time is in decaauts)
 A = Elapsed time spent in this place.
 B = Non-inter-level travel time spent in this place.
 C = Inter-level travel time spent in this place.
 D = Time resting spent in this place.
 E = Time spent auto-exploring this place.
 F = Levels seen in this place.
 G = Mean time per level.
                   A        B        C        D        E       F      G
               +--------+--------+--------+--------+--------+-----+--------+
         Total |    744 |    732 |     12 |      0 |    552 |   2 |  372.0 |
       Dungeon |    744 |    732 |     12 |      0 |    552 |   2 |  372.0 |
               +--------+--------+--------+--------+--------+-----+--------+

Top non-repeatable levels by time:
     D:1: 452 daAuts
     D:2: 291 daAuts
